 Dungeon Crawl Stone Soup version 0.23-b1-67-g8bd44de (webtiles) character file.

Game seed: 7014149430431198926

101 Hylith the Chopper (level 4, -2/41 HPs)
             Began as a Hill Orc Fighter on Feb 4, 2019.
             Killed by divine providence
             ... invoked by an orc priest
              (13 damage)
             ... on level 3 of the Dungeon on Feb 5, 2019.
             The game lasted 00:09:11 (1770 turns).

Hylith the Chopper (Hill Orc Fighter)               Turns: 1770, Time: 00:09:11

Health: -2/41      AC: 11    Str: 19    XL:     4   Next: 75%
Magic:  4/4        EV: 20    Int: 11    God:
Gold:   112        SH:  9    Dex: 10    Spells: 3/3 levels left

rFire    . . .     SeeInvis .   a - +0 war axe
rCold    + . .     Gourm    .   c - +0 shield
rNeg     . . .     Faith    .   q - +2 chain mail {rC+}
rPois    .         Spirit   .   (no helmet)
rElec    .         Reflect  .   (no cloak)
rCorr    .         Harm     .   (no gloves)
MR       .....                  (no boots)
Stlth    ..........             m - amulet of the acrobat
HPRegen  0.13/turn              s - +3 ring of intelligence
MPRegen  0.09/turn              (no ring)

@: acrobat
A: no striking features
a: Convert to Beogh


You were on level 3 of the Dungeon.
You were hungry.

You visited 1 branch of the dungeon, and saw 3 of its levels.

You collected 112 gold pieces.

Inventory:

Hand Weapons
 a - a +0 war axe (weapon)
Armour
 b - a +0 scale mail
 c - a +0 shield (worn)
 q - a +2 chain mail of cold resistance (worn)
Jewellery
 m - an amulet of the acrobat (around neck)
 s - a +3 ring of intelligence (left hand)
Scrolls
 h - a scroll of fear {unknown}
 i - 2 scrolls of remove curse {unknown}
 j - a scroll of amnesia {unknown}
 k - a scroll of random uselessness {unknown}
 l - a scroll of teleportation {unknown}
 n - 2 scrolls of enchant weapon {unknown}
 o - 2 scrolls of magic mapping {unknown}
Potions
 d - 2 potions of might
 e - 2 potions of flight {unknown}
 g - 6 potions of curing {unknown}
 p - a potion of berserk rage {unknown}
 r - a potion of mutation {unknown}
Comestibles
 f - 5 rations
 t - a chunk of flesh


   Skills:
 * Level 4.4 Fighting
 * Level 5.1 Axes
 * Level 3.9 Armour
 - Level 3.3 Shields


You had 3 spell levels left.
You didn't know any spells.
Your spell library was empty.

Dungeon Overview and Level Annotations

Branches:
Dungeon (3/15)

Altars:
Wu Jian

Annotations:
D:2 Sigmund


Message History

You barely resist.
The orc priest invokes the aid of Beogh against you.
Beogh smites you!
You hear a shout!
The orc priest mumbles some strange prayers to Beogh against you.
You barely resist. You completely miss the orc priest.
The orc priest looks encouraged for a moment.
Your shield prevents you from hitting the orc priest.
The orc priest calls down the wrath of Beogh upon you.
Beogh smites you!
The orc shouts!
You barely miss the orc priest.
The orc priest threatens, "By the altar or by the axe, you will meet Beogh!"
The orc priest hits you with a +0 scimitar!
* * * LOW HITPOINT WARNING * * *
You closely miss the orc priest.
The orc priest mumbles some strange prayers to Beogh against you.
Beogh smites you!
You die...

#####.##....# #.#####.#
########### ###)#.....# .........
..#...##### #.....# #.##..#
#.....# #.##..#
######.....#####.##..############
.............>.......(...........
################@....####.#......
#oo......# #.#...... #o########
#.#...... #############(######
#.#...... .....................
......... #############o#######
#+#...... #.# ..###### ..# ...


oo. .. You could see an orc priest and 2 orcs.

Vanquished Creatures
  Jessica (D:2)
  Natasha (D:2)
  A howler monkey zombie (D:2)
  2 dart slugs
  3 goblins (D:1)
  5 hobgoblins
  3 jackals (D:1)
  9 kobolds
  4 bats
  5 frilled lizards
  4 rats
38 creatures vanquished.

Notes
Turn   | Place    | Note
-------+----------+-------------------------------------------
     0 | D:1      | Hylith the Hill Orc Fighter began the quest for the Orb.
     0 | D:1      | Reached XP level 1. HP: 19/19 MP: 1/1
    92 | D:1      | Upgraded the game from 0.23-b1-58-ge3fafae to
                  | 0.23-b1-67-g8bd44de
   137 | D:1      | Reached XP level 2. HP: 25/27 MP: 2/2
   142 | D:1      | Reached skill level 3 in Axes
   496 | D:1      | You fall through a shaft!
   667 | D:2      | Noticed Sigmund
   715 | D:1      | Reached XP level 3. HP: 17/33 MP: 3/3
   932 | D:2      | Noticed Jessica
   940 | D:2      | Killed Jessica
   940 | D:2      | Reached skill level 4 in Axes
  1070 | D:2      | Reached XP level 4. HP: 32/40 MP: 4/4
  1156 | D:2      | Found an ornate altar of the Wu Jian Council.
  1555 | D:2      | Noticed Natasha
  1561 | D:2      | Killed Natasha
  1561 | D:2      | Reached skill level 5 in Axes
  1770 | D:3      | Killed from afar by an orc priest

Skill      XL: |  1  2  3  4 |
---------------+-------------+-----
Axes           | 3 4 5 |  5.1
Fighting       | 4 |  4.4
Armour         | |  3.9
Shields        | |  3.3

Action                   |  1- 3 |  4- 6 || total
-------------------------+-------+-------++-------
Melee: War axe           |    84 |    38 ||   122
  Eat: Chunk             |       |     2 ||     2
Armor: Scale mail        |    32 |       ||    32
       Chain mail        |       |    12 ||    12
Dodge: Dodged            |    35 |    13 ||    48
Block: Shield            |    27 |    16 ||    43
